 Dungeon Crawl Stone Soup version 0.29.1-12-g30fa7ad0bf (webtiles) character file.

Game seed: 18160328625347001404

863 MacCMillion the Shooter (level 7, -9/57 HPs)
             Began as a Demigod Hunter on Dec 25, 2022.
             Killed from afar by an electric eel (12 damage)
             ... with a bolt of electricity
             ... on level 6 of the Dungeon.
             The game lasted 00:12:51 (5849 turns).

MacCMillion the Shooter (Demigod Hunter)            Turns: 5849, Time: 00:12:52

Health: -9/57      AC:  8    Str: 12    XL:     7   Next: 43%
Magic:  9/9        EV: 14    Int: 11    God:
Gold:   322        SH:  0    Dex: 25    Spells: 6/6 levels left

rFire   . . .      SeeInvis .   a - +0 shortbow
rCold   . . .      Faith    .   (shield currently unavailable)
rNeg    . . .      Spirit   .   x - +0 leather armour {rPois}
rPois   +          Reflect  .   (no helmet)
rElec   .          Harm     .   f - +0 cloak
rCorr   .          Rampage  .   w - +1 pair of gloves
Will    .....                   r - +1 pair of boots {Stlth+}
Stlth   ++++......              (no amulet)
HPRegen 0.19/turn               (no ring)
MPRegen 0.11/turn               (no ring)

@: no status effects
A: high MP 1, forlorn, divine attributes
a: no special abilities


You were on level 6 of the Dungeon.
You visited 1 branch of the dungeon, and saw 6 of its levels.

You collected 322 gold pieces.

Inventory:

Hand Weapons
 a - a +0 shortbow (weapon)
Armour
 c - a +0 leather armour
 f - a +0 cloak (worn)
 r - a +1 pair of boots of stealth (worn)
 w - a +1 pair of gloves (worn)
 x - a +0 leather armour of poison resistance (worn)
Wands
 s - a wand of charming (10)
 t - a wand of mindburst (40)
 u - a wand of digging (1)
Scrolls
 b - 2 scrolls of immolation
 g - a scroll of torment {unknown}
 i - a scroll of butterflies {unknown}
 j - 2 scrolls of blinking {unknown}
 l - 2 scrolls of brand weapon {unknown}
 m - a scroll of amnesia {unknown}
 n - a scroll of poison {unknown}
 o - a scroll of identify
 p - a scroll of magic mapping {unknown}
 q - a scroll of summoning {unknown}
 v - a scroll of enchant weapon {unknown}
 y - a scroll of vulnerability {unknown}
 z - a scroll of noise {unknown}
Potions
 d - a potion of mutation
 e - 2 potions of haste
 h - a potion of lignification
 k - 2 potions of brilliance


   Skills:
 + Level 3.6 Fighting
 * Level 6.9 Ranged Weapons
 + Level 3.5 Dodging
 + Level 3.1 Stealth


You had 6 spell levels left.
You didn't know any spells.
Your spell library contained the following spells:

 Spells                   Type           Power      Damage    Failure   Level
 Summon Small Mammal      Summ           0%         N/A       41%         1
 Blink                    Tloc           0%         N/A       56%         2
 Sublimation of Blood     Necr           0%         N/A       56%         2
 Call Canine Familiar     Summ           0%         N/A       80%         3
 Inner Flame              Hex/Fire       0%         N/A       80%         3
 Lesser Beckoning         Tloc           0%         N/A       80%         3
 Summon Guardian Golem    Hex/Summ       0%         N/A       80%         3
 Anguish                  Hex/Necr       0%         N/A       99%         4
 Cause Fear               Hex            0%         N/A       99%         4
 Manifold Assault         Tloc           0%         N/A       100%        5
 Discord                  Hex            0%         N/A       100%        8
 Necromutation            Tmut/Necr      0%         N/A       100%        8


Dungeon Overview and Level Annotations

Branches:
Dungeon (6/15)
 Temple: D:4-7

Shops:
D:4 :   D:6 [*

Annotations:
D:2 Sigmund
D:3 1 runed translucent door, Crazy Yiuf, Grinder


Innate Abilities, Weirdness & Mutations

You have an increased reservoir of magic. (+10% MP)
You shall have no god before yourself.
Your divine heritage dramatically boosts your attributes as you level up.


Message History

The electric eel shoots out a bolt of lightning at you!
The bolt of electricity misses you.
You shoot an arrow. The arrow hits the iguana.
The iguana is moderately wounded.
You shoot an arrow. The arrow hits the iguana!
The iguana is severely wounded.
You shoot an arrow. The arrow hits the iguana.
The iguana is almost dead.
You shoot an arrow. The arrow hits the iguana!
You kill the iguana!
You see here an iguana corpse.
You shoot an arrow. The arrow misses the electric eel.
You shoot an arrow. The arrow hits the electric eel.
The electric eel is moderately wounded.
You shoot an arrow.
The arrow hits the electric eel but does no damage.
The electric eel is moderately wounded.
You shoot an arrow.
The arrow barely misses the electric eel.
The electric eel shoots out a bolt of lightning at you!
The bolt of electricity hits you! The bolt of electricity misses you.
You hear a shout!
You shoot an arrow. The arrow hits the electric eel.
The electric eel is heavily wounded.
You shoot an arrow. The arrow hits the electric eel.
The electric eel is severely wounded.
The electric eel shoots out a bolt of lightning at you!
The bolt of electricity hits you! The bolt of electricity misses you.
You shoot an arrow.
The arrow closely misses the electric eel.
The electric eel shoots out a bolt of lightning at you!
The bolt of electricity hits you! x2
* * * LOW HITPOINT WARNING * * *
You are too injured to fight recklessly!
Unknown command.
The electric eel shoots out a bolt of lightning at you!
The bolt of electricity hits you!
* * * LOW HITPOINT WARNING * * *
The bolt of electricity hits you!
You die...

~~~ ~~~ ~~~ ♣S~
♣.# #.# #. #.# .
#.# #.#######
#.@.†...#########.
#######...........
########.###.##
...........#.#
########.#.#.#
#.....####
######.####..
#......# ##.#
#.####.###...


You could see an electric eel.

Vanquished Creatures
  2 black bears (D:5)
  2 ogres (D:5)
  A necrophage (D:4)
  A howler monkey (D:4)
  3 hounds
  An orc priest (D:5)
  3 iguanas
  Terence (D:3)
  8 adders
  2 ufetubi (D:5)
  2 worms (D:3)
  4 dart slugs
  6 orcs
  7 bats
  13 endoplasms
  5 giant cockroaches
  12 goblins
  7 hobgoblins
  6 jackals
  3 kobolds
  5 quokkas
  3 ball pythons
  7 rats
104 creatures vanquished.

Vanquished Creatures (others)
  3 plants (D:6)
3 creatures vanquished.

Grand Total: 107 creatures vanquished

Notes
Turn   | Place    | Note
-------+----------+-------------------------------------------
     0 | D:1      | MacCMillion the Demigod Hunter began the quest for the Orb.
     0 | D:1      | Reached XP level 1. HP: 17/17 MP: 3/3
   177 | D:1      | Reached skill level 4 in Ranged Weapons
   217 | D:1      | Reached XP level 2. HP: 24/24 MP: 4/4
   424 | D:1      | Got the Guidebook on Necromancy
   716 | D:1      | Reached XP level 3. HP: 29/29 MP: 5/5
  1240 | D:2      | Noticed Sigmund
  1499 | D:2      | Reached skill level 5 in Ranged Weapons
  2156 | D:3      | Reached XP level 4. HP: 36/36 MP: 6/6
  2483 | D:3      | Noticed Terence
  2490 | D:3      | Killed Terence
  2581 | D:3      | Noticed Grinder
  2596 | D:3      | Paralysed by Grinder for 2 turns
  3146 | D:3      | Found a runed translucent door.
  3147 | D:3      | Noticed Crazy Yiuf
  3325 | D:3      | Reached skill level 1 in Stealth
  3537 | D:4      | Reached XP level 5. HP: 38/42 MP: 7/7
  3591 | D:4      | Found Heteolia's Vocational Training.
  3627 | D:4      | Reached skill level 6 in Ranged Weapons
  3627 | D:4      | Reached XP level 6. HP: 46/50 MP: 8/8
  4270 | D:5      | Entered Level 5 of the Dungeon
  5343 | D:5      | Reached XP level 7. HP: 54/57 MP: 9/9
  5734 | D:6      | Found Wefuab's Mayhem Merchandise.
  5735 | D:6      | Found Ahecluocri's Antique Armour Shoppe.
  5849 | D:6      | Killed from afar by an electric eel

Illustrated notes

Levels and vault maps discovered:
D:1:      tarquinn_simple_flora_water_f, layout_basic,
          shapermc_ecumenical_altar_hornbeckon, minivault_27, st_stairs_11
D:2:      cheibrodos_helix_gallery, layout_loops_corners, basic_altar,
          nrook_mini_backslash, corexii_leaking_fountain, uniq_sigmund
D:3:      layout_basic, pdpol_temple_overflow_zin_treasury_gozag_greed,
          uniq_terence, uniq_grinder, uniq_crazy_yiuf_cottage
D:4:      layout_cave_pools, lemuel_doored_altar, nicolae_wu_jian_wuxing_cycle,
          kennysheep_mini, nicolae_concentric_dashed_squares_wild,
          nicolae_shop_vocational
D:5:      layout_basic, kennysheep_slug_shrine, amcnicky_mini_corridor_feature
D:6:      layout_loops_ring, lemuel_coloured_pillars_altar, temple_green,
          serial_shops, shop, kennysheep_little_box, shop,
          chequers_serial_rivers_micro_d, minmay_shop_mayhem,
          serial_bayou_lake_a

Skill      XL: |  1  2  3  4  5  6  7 |
---------------+----------------------+-----
Ranged Weapons | 4 5 6 |  6.9
Fighting       | 2 3 |  3.6
Dodging        | 2 3 |  3.5
Stealth        | 1 2 3 |  3.1

Action                   |  1- 3 |  4- 6 |  7- 9 || total
-------------------------+-------+-------+-------++-------
 Fire: Shortbow          |   122 |   169 |    41 ||   332
  Use: Scroll            |       |       |     4 ||     4
Armor: Leather armour    |     9 |    21 |       ||    30
Dodge: Dodged            |    27 |    52 |     8 ||    87
